 Dungeon Crawl Stone Soup version 0.23.2-40-g277498a001 (webtiles) character file.

Game seed: 12349177013244339336

1874 MrTry the Cudgeler (level 9, -1/82 HPs)
             Began as a Gargoyle Fighter on Aug 21, 2019.
             Was a Believer of Okawaru.
             Slain by a troll (7 damage)
             ... on level 7 of the Dungeon on Aug 22, 2019.
             The game lasted 00:42:14 (5107 turns).

MrTry the Cudgeler (Gargoyle Fighter)               Turns: 5107, Time: 00:42:16

Health: -1/82      AC: 24    Str: 23    XL:     9   Next: 14%
Magic:  9/9        EV:  2    Int:  9    God:    Okawaru [**....]
Gold:   326        SH: 10    Dex:  9    Spells: 8/8 levels left

rFire    x . .     SeeInvis .   r - +2 mace (crush)
rCold    + + .     Gourm    .   c - +0 shield
rNeg     + + +     Faith    .   (armour currently unavailable)
rPois    ∞         Spirit   .   (helmet currently unavailable)
rElec    .         Reflect  .   (cloak currently unavailable)
rCorr    .         Harm     .   (gloves currently unavailable)
MR       .....     NoTele   +   (boots currently unavailable)
Stlth    +.........             l - amulet of regeneration
HPRegen  0.63/turn              i - ring of ice
MPRegen  0.11/turn              y - ring of protection from cold

@: tree-form
A: negative energy resistance 1, petrification resistance, rot immunity, AC +6
a: Heroism, Renounce Religion


You were on level 7 of the Dungeon.
You worshipped Okawaru.
Okawaru was pleased with you.
You were not hungry.
You were a tree.
You visited 2 branches of the dungeon, and saw 8 of its levels.

You collected 326 gold pieces.

Inventory:

Hand Weapons
 a - a +2 flail
 b - a +0 blowgun
 g - a +0 mace of crushing
 r - a +2 mace of crushing (weapon)
Missiles
 e - 36 sling bullets
 o - 36 poisoned needles
Armour
 c - a +0 shield (worn)
 m - a +1 chain mail of cold resistance (melded)
 C - a +1 pair of gloves (melded)
 D - a +0 helmet (melded)
Jewellery
 i - a ring of ice (left branch)
 l - an amulet of regeneration (around neck)
 y - a ring of protection from cold (right branch)
 A - an uncursed amulet of faith {unknown}
Wands
 d - a wand of disintegration (12)
 p - a wand of random effects (11)
Scrolls
 n - 2 scrolls of fear
 s - a scroll of random uselessness {unknown}
 t - a scroll of enchant armour {unknown}
 u - a scroll of blinking
 w - 3 scrolls of remove curse
 x - a scroll of teleportation
 B - a scroll of magic mapping
 F - a scroll of identify
Potions
 h - 2 potions of haste {unknown}
 k - a potion of brilliance {unknown}
 v - a potion of flight {unknown}
 z - a potion of heal wounds {unknown}
Comestibles
 f - 10 rations


   Skills:
 + Level 6.1 Fighting
 + Level 7.3 Maces & Flails
 + Level 1.4 Throwing
 + Level 6.0 Armour
 + Level 2.1 Dodging
 + Level 0.7 Stealth
 + Level 6.4 Shields
 + Level 0.2 Evocations


You had 8 spell levels left.
You didn't know any spells.
Your spell library contained the following spells:

 Spells                   Type           Power        Failure   Level  Hunger
 Beastly Appendage        Tmut           #.....       77%         1    ##.....
 Shock                    Conj/Air       #...         77%         1    ##.....
 Summon Small Mammal      Summ           #...         77%         1    ##.....
 Call Imp                 Summ           #.......     88%         2    ###....
 Sticks to Snakes         Tmut           #.......     88%         2    ###....
 Swiftness                Chrm/Air       #.......     88%         2    ###....
 Call Canine Familiar     Summ           #.......     98%         3    ####...
 Spider Form              Tmut/Pois      #.........   98%         3    ####...
 Static Discharge         Conj/Air       #.......     98%         3    ####...
 Summon Guardian Golem    Hex/Summ       #.......     98%         3    ####...
 Airstrike                Air            #.........   100%        4    #####..
 Ice Form                 Ice/Tmut       #.......     100%        4    #####..
 Summon Ice Beast         Ice/Summ       #.......     100%        4    #####..
 Summon Lightning Spire   Summ/Air       #.......     100%        4    #####..
 Blade Hands              Tmut           #.........   100%        5    ######.
 Lightning Bolt           Conj/Air       #.........   100%        5    ######.


Dungeon Overview and Level Annotations

Branches:
Dungeon (7/15)             Temple (1/1) D:4

Altars:
Fedhas
Kikubaaqudgha
Okawaru
Sif Muna
Trog
Wu Jian
Xom
The Shining One


Innate Abilities, Weirdness & Mutations

You are resistant to torment.
((Your stone body is resilient. (AC +6)))
You are immune to poison.
You resist negative energy. (rN+)
((You are resistant to electric shocks. (rElec)))
((You can survive without breathing.))
You are immune to petrification.
You are immune to rotting.


Message History

You closely miss the troll.
The troll is moderately wounded.
The sentinel's mark upon you fades away.
The troll bites you but does no damage. You block the troll's attack.
The troll claws you but does no damage.
You hit the troll.
The troll is heavily wounded.
You block the troll's attack. x2; The troll claws you!
* * * LOW HITPOINT WARNING * * *
Really quaff the potion of lignification?
Uppercase [Y]es or [N]o only, please.
Really quaff the potion of lignification?
You turn into a tree.
Your +0 helmet melds into your body.
Your +1 pair of gloves melds into your body.
Your +1 chain mail of cold resistance melds into your body.
You feel less resistant to cold.
Your roots penetrate the ground.
The troll bites you.
* * * LOW HITPOINT WARNING * * *
The troll claws you but does no damage. The troll claws you!
You die...

..........#
##.##..### #
#....# #.##.#
#.##.# #.##.#
#.##.### #
.##.##...###.#
#.........T♣..#
####......#####
######.# #.#
.(# ..# #..#
#..#


You could see a troll.

Vanquished Creatures
  Pikel (D:7)
  An orc warrior (D:6)
  An ice beast (D:5)
  2 ogres (D:5)
  A big kobold (D:7)
  A bullfrog (D:6)
  A water moccasin skeleton (D:5)
  2 scorpions
  3 howler monkeys (D:7)
  An electric eel (D:6)
  A crimson imp (D:5)
  An orc priest (D:5)
  2 centaur skeletons
  3 hounds (D:7)
  2 iguanas (D:4)
  Ijyb (D:4)
  3 worker ants (D:4)
  A killer bee zombie (D:5)
  A hound zombie (D:6)
  A howler monkey skeleton (D:7)
  11 adders
  A shadow imp (D:7)
  3 oozes
  3 worms
  5 dart slugs
  3 leopard geckos
  16 orcs
  2 ball pythons
  8 giant cockroaches
  10 goblins
  9 hobgoblins
  10 jackals
  2 quokkas
  11 bats
  2 frilled lizards (D:4)
  A jackal skeleton (D:6)
  9 kobolds
  6 rats
142 creatures vanquished.

Vanquished Creatures (others)
  3 kobolds (D:7)
3 creatures vanquished.

Grand Total: 145 creatures vanquished

Notes
Turn   | Place    | Note
-------+----------+-------------------------------------------
     0 | D:1      | MrTry the Gargoyle Fighter began the quest for the Orb.
     0 | D:1      | Reached XP level 1. HP: 14/14 MP: 1/1
   120 | D:1      | Reached XP level 2. HP: 19/19 MP: 2/2
   315 | D:1      | Reached XP level 3. HP: 24/24 MP: 3/3
   729 | D:2      | Reached XP level 4. HP: 29/29 MP: 4/4
  1018 | D:2      | Reached skill level 3 in Maces & Flails
  1387 | D:3      | Reached XP level 5. HP: 32/33 MP: 5/5
  2016 | D:4      | Reached skill level 1 in Dodging
  2035 | D:4      | Reached XP level 6. HP: 29/38 MP: 6/6
  2079 | D:4      | Found a staircase to the Ecumenical Temple.
  2155 | Temple   | Entered the Ecumenical Temple
  2167 | Temple   | Became a worshipper of Warmaster Okawaru
  2280 | D:4      | Noticed Ijyb
  2293 | D:4      | Killed Ijyb
  2293 | D:4      | Reached skill level 4 in Maces & Flails
  2629 | D:4      | Reached skill level 5 in Shields
  2867 | D:5      | Entered Level 5 of the Dungeon
  2988 | D:5      | Reached skill level 1 in Throwing
  2996 | D:5      | Reached XP level 7. HP: 13/44 MP: 7/7
  3046 | D:5      | Reached * piety under Okawaru
  3261 | D:5      | Reached skill level 5 in Maces & Flails
  3410 | D:5      | Reached skill level 5 in Fighting
  3410 | D:5      | Reached XP level 8. HP: 45/49 MP: 8/8
  3831 | D:6      | Reached skill level 5 in Armour
  4895 | D:7      | Reached skill level 6 in Maces & Flails
  4901 | D:7      | Noticed Pikel
  4941 | D:7      | Killed Pikel
  4941 | D:7      | Reached ** piety under Okawaru
  4941 | D:7      | Reached skill level 7 in Maces & Flails
  4941 | D:7      | Reached XP level 9. HP: 48/55 MP: 9/9
  5088 | D:7      | Noticed a troll
  5107 | D:7      | Slain by a troll

Skill      XL: |  1  2  3  4  5  6  7  8 |
---------------+-------------------------+-----
Maces & Flails | 3 4 5 7 |  7.3
Shields        | 4 5 6 |  6.4
Fighting       | 4 5 6 |  6.1
Dodging        | 1 2 |  2.1
Armour         | 4 6 |  6.0
Throwing       | 1 |  1.4
Stealth        | |  0.7
Evocations     | |  0.2

Action                   |  1- 3 |  4- 6 |  7- 9 || total
-------------------------+-------+-------+-------++-------
Melee: Flail             |   146 |   164 |       ||   310
       Mace              |       |    54 |   229 ||   283
 Fire: Blowgun           |       |    10 |     2 ||    12
Evoke: Wand              |       |       |     3 ||     3
  Use: Scroll            |     4 |     7 |     4 ||    15
       Potion            |       |     2 |     3 ||     5
  Eat: Ration            |       |     2 |     2 ||     4
       Chunk             |       |       |     3 ||     3
Armor: Scale mail        |   103 |   105 |    34 ||   242
       Chain mail        |       |       |    79 ||    79
       Skin              |       |       |     1 ||     1
Dodge: Dodged            |    54 |    67 |    68 ||   189
Block: Shield            |   111 |   138 |   136 ||   385
